 Dungeon Crawl Stone Soup version 0.26-a0-810-ge1a9524b62 (webtiles) character file.

Game seed: 4566379519544827171

6 rcreutzb the Digger (level 1, -1/10 HPs)
             Began as a Gargoyle Earth Elementalist on Nov 13, 2020.
             Slain by a jackal (2 damage)
             ... on level 1 of the Dungeon.
             The game lasted 00:01:53 (165 turns).

rcreutzb the Digger (Gargoyle Earth Elementalist)    Turns: 165, Time: 00:01:54

Health: -1/10      AC:  4    Str: 11    XL:     1   Next: 90%
Magic:  0/3        EV: 12    Int: 15    God:
Gold:   7          SH:  0    Dex: 10    Spells: 3/4 levels left

rFire    . . .     SeeInvis .   a - +0 dagger
rCold    . . .     Faith    .   (no shield)
rNeg     + . .     Spirit   .   c - +0 robe
rPois    ∞         Reflect  .   (no helmet)
rElec    +         Harm     .   (no cloak)
rCorr    .         Rampage  .   (no gloves)
MR       .....                  (no boots)
Stlth    ++........             (no amulet)
HPRegen  0.03/turn              (no ring)
MPRegen  0.08/turn              (no ring)

@: no status effects
A: negative energy resistance 1, electricity resistance, unbreathing,
petrification resistance, rot immunity, AC +2
a: no special abilities


You were on level 1 of the Dungeon.
You visited 1 branch of the dungeon, and saw 1 of its levels.

You collected 7 gold pieces.

Inventory:

Hand Weapons
 a - a +0 dagger (weapon)
Missiles
 b - 36 stones (quivered)
Armour
 c - a +0 robe (worn)


   Skills:
 - Level 1.5 Dodging
 - Level 2.1 Stealth
 - Level 2.0 Spellcasting
   Level 0.7 Transmutations
 + Level 4.2 Earth Magic


You had 3 spell levels left.
You knew the following spells:

 Your Spells              Type           Power        Failure   Level
a - Sandblast             Erth           ##....       4%          1

Your spell library contained the following spells:

 Spells                   Type           Power        Failure   Level
 Passwall                 Tmut/Erth      #.......     12%         2
 Stone Arrow              Conj/Erth      #.....       28%         3
 Petrify                  Tmut/Erth      #.......     63%         4
 Lee's Rapid Deconstruct  Erth           ##........   73%         5


Dungeon Overview and Level Annotations

Branches:
Dungeon (1/15)

Altars:


Innate Abilities, Weirdness & Mutations

You are resistant to torment.
Your stone body is resilient. (AC +2)
You are immune to poison.
You resist negative energy. (rN+)
You are resistant to electric shocks. (rElec)
You can survive without breathing.
You are immune to petrification.
You are immune to rotting.


Message History

The jackal closely misses you. The jackal misses you. The jackal bites you.
* * * LOW HITPOINT WARNING * * *
Unknown command.
Casting: Sandblast (safe; 4% risk of failure)
Confirm with . or Enter, or press ? or * to list all spells.
Aiming: Sandblast (safe; 4% risk of failure)
Press: ? - help, Shift-Dir - straight line, f - jackal
Aim: a jackal The blast of sand misses the jackal.
b - 36 stones The jackal bites you but does no damage.
Unknown command.
Unknown command.
The jackal bites you but does no damage.
The jackal barely misses you. The jackal closely misses you.
The jackal bites you.
You die...

..#........>##.#####.##
...†.K.........)......(
.##.####.##....†.......
.##.####.##..........##
###......##..........#
######.##..........#
#.##..........#
#.##..........#
#.##.....@....#
#.##.....h....###
#.#####.......... #.#
###K####### #.# #.# #.#
#.# #K# #.# #######.#
#.# ........#######.#


You could see a jackal and a kobold.

Vanquished Creatures
  A hobgoblin (D:1)
  3 jackals (D:1)
  A kobold (D:1)
5 creatures vanquished.

Notes
Turn   | Place    | Note
-------+----------+-------------------------------------------
     0 | D:1      | rcreutzb the Gargoyle Earth Elementalist began the quest
                  | for the Orb.
     0 | D:1      | Reached XP level 1. HP: 10/10 MP: 3/3
   123 | D:1      | Reached skill level 4 in Earth Magic
   165 | D:1      | Slain by a jackal

Illustrated notes

Levels and vault maps discovered:
D:1:      dpeg_arrival_snail, layout_basic

Skill      XL: |  1 |
---------------+----+-----
Earth Magic    | 4 |  4.2
Dodging        | |  1.5
Stealth        | |  2.1
Spellcasting   | |  2.0
Transmutations | |  0.7

Action                   || total
-------------------------++-------
Melee: Dagger            ||     4
 Cast: Sandblast         ||     8
Armor: Robe              ||     8
Dodge: Dodged            ||    15

Table legend: (Time is in decaauts)
 A = Elapsed time spent in this place.
 B = Non-inter-level travel time spent in this place.
 C = Inter-level travel time spent in this place.
 D = Time resting spent in this place.
 E = Time spent auto-exploring this place.
 F = Levels seen in this place.
 G = Mean time per level.
                   A        B        C        D        E       F      G
               +--------+--------+--------+--------+--------+-----+--------+
         Total |    164 |    164 |      0 |      0 |      0 |   1 |  164.0 |
       Dungeon |    164 |    164 |      0 |      0 |      0 |   1 |  164.0 |
               +--------+--------+--------+--------+--------+-----+--------+

Top non-repeatable levels by time:
     D:1: 164 daAuts
